 Dungeon Crawl Stone Soup version 0.27-a0-1189-gb8eb6cee8e (webtiles) character file.

Game seed: 15016482555101156323

0 Gargoyl the Skirmisher (level 1, -1/23 HPs)
             Began as a Gnoll Abyssal Knight on May 23, 2021.
             Was a Follower of Lugonu.
             Slain by a small abomination (14 damage)
             ... on level 1 of the Abyss.
             The game lasted 00:00:21 (208 turns).

Gargoyl the Skirmisher (Gnoll Abyssal Knight)        Turns: 208, Time: 00:00:22

Health: -1/23      AC:  3    Str: 11    XL:     1   Next: 0%
Magic:  3/3        EV: 11    Int: 11    God:    Lugonu [*.....]
Gold:   16         SH:  0    Dex: 11    Spells: 0/0 levels left

rFire    . . .     SeeInvis .   a - +1 hand axe
rCold    . . .     Faith    .   (no shield)
rNeg     . . .     Spirit   .   b - +0 leather armour
rPois    .         Reflect  .   (no helmet)
rElec    .         Harm     .   (no cloak)
rCorr    .         Rampage  .   (no gloves)
Will     .....                  (no boots)
Stlth    +.........             (no amulet)
HPRegen  0.07/turn              (no ring)
MPRegen  0.08/turn              (no ring)

@: no status effects
A: fangs 1, strong nose, distributed training
a: Renounce Religion, Depart the Abyss


You were on level 1 of the Abyss.
You worshipped Lugonu.
Lugonu was aware of your devotion.
You visited 0 branches of the dungeon, and saw 0 of its levels.
You visited the Abyss 1 time.

You collected 16 gold pieces.

Inventory:

Hand Weapons
 a - a +1 hand axe (weapon)
Armour
 b - a +0 leather armour (worn)
Scrolls
 c - a scroll of identify {unknown}


   Skills:
 + Level 6.4 Fighting
 + Level 0.0 Short Blades
 + Level 0.0 Long Blades
 + Level 4.4 Axes
 + Level 0.0 Maces & Flails
 + Level 0.0 Polearms
 + Level 0.0 Staves
 + Level 0.0 Slings
 + Level 0.0 Bows
 + Level 0.0 Crossbows
 + Level 0.0 Throwing
 + Level 4.4 Armour
 + Level 2.3 Dodging
 + Level 0.0 Stealth
 + Level 0.0 Shields
 + Level 0.0 Unarmed Combat
 + Level 0.0 Spellcasting
 + Level 0.0 Conjurations
 + Level 0.0 Hexes
 + Level 0.0 Summonings
 + Level 0.0 Necromancy
 + Level 0.0 Translocations
 + Level 0.0 Transmutations
 + Level 0.0 Fire Magic
 + Level 0.0 Ice Magic
 + Level 0.0 Air Magic
 + Level 0.0 Earth Magic
 + Level 0.0 Poison Magic
 + Level 4.4 Invocations
 + Level 0.0 Evocations


You couldn't memorise any spells.
You didn't know any spells.
Your spell library was empty.

Dungeon Overview and Level Annotations

Branches:
Dungeon (0/15)

Altars:


Innate Abilities, Weirdness & Mutations

You have very sharp teeth.
Your uncanny sense of smell can sniff out nearby items.
Your experience applies equally to all skills.


Message History

Welcome, Gargoyl the Gnoll Abyssal Knight.
The bosom of this dungeon contains the fabulous artefact, the Orb of Zot.
Lugonu says: Depart the Abyss and spread corruption, my servant! (use the ability menu to exit the Abyss) Press ? for a list of commands and other information.
Found a corrupted altar of Lugonu.
No target in view!
Found a gateway leading out of the Abyss.
Found a gateway leading deeper into the Abyss.
You enter the shallow water.
Moving in this stuff is going to be slow.
Key pressed, stopping explore.
A ynoxinul comes into view.
A ynoxinul is nearby!
Found an ancient bone altar of Kikubaaqudgha.
Found 16 gold pieces and a scroll labelled XYASYILOMA.
You now have 16 gold pieces.
c - a scroll labelled XYASYILOMA
As you read the scroll labelled XYASYILOMA, it crumbles to dust.
It is a scroll of amnesia.
You feel forgetful for a moment.
There is a gateway leading out of the Abyss here.
c - a scroll labelled COEKHOA TELUJE A small abomination comes into view.
The small abomination closely misses you.
The small abomination misses you.
Your body is wracked with pain!
Unknown command.
The small abomination hits you but does no damage.
The small abomination closely misses you.
Found a dagger.
The small abomination barely misses you.
The small abomination hits you!
Ouch! That really hurt!
You die...

..#. .#.. ...#
.#.##≈≈ #...#
..#..≈♣ ##.#..
..#... ....)
....# ≈≈
...#...#.#..#.≈≈
#.....#.....#
#@....# ≈≈≈
#.##x.#####.≈ .
#.....#.#.##≈.#
#.#.##.#...≈≈≈≈#
..##.....#...#≈≈#
.
#...##.#.#.#≈≈≈#
#....#....#
.≈#≈≈≈#
#.###.....##.# ≈≈
#. ###.....##
≈≈##


You could see a small abomination.

Vanquished Creatures (others)
  A lurking horror (Abyss:1)
1 creature vanquished.

Notes
Turn   | Place    | Note
-------+----------+-------------------------------------------
     0 | Abyss:1  | Gargoyl the Gnoll Abyssal Knight began the quest for the
                  | Orb.
     0 | Abyss:1  | Reached XP level 1. HP: 23/23 MP: 3/3
    72 | Abyss:1  | Noticed a ynoxinul
    81 | Abyss:1  | Found a corrupted altar of Lugonu.
   108 | Abyss:1  | Found an ancient bone altar of Kikubaaqudgha.
   156 | Abyss:1  | Found a corrupted altar of Lugonu.
   192 | Abyss:1  | Noticed a small abomination
   198 | Abyss:1  | Noticed a starcursed mass
   208 | Abyss:1  | Slain by a small abomination

Illustrated notes

Levels and vault maps discovered:
Abyss:1:  base: Temple, minivault_24, base:
Temple

Action                   || total
-------------------------++-------
  Use: Scroll            ||     1
Armor: Leather armour    ||     1
Dodge: Dodged            ||     4

Table legend: (Time is in decaauts)
 A = Elapsed time spent in this place.
 B = Non-inter-level travel time spent in this place.
 C = Inter-level travel time spent in this place.
 D = Time resting spent in this place.
 E = Time spent auto-exploring this place.
 F = Levels seen in this place.
 G = Mean time per level.
                   A        B        C        D        E       F      G
               +--------+--------+--------+--------+--------+-----+--------+
         Total |    208 |    208 |      0 |      0 |    145 |   1 |  208.0 |
         Abyss |    208 |    208 |      0 |      0 |    145 |   1 |  208.0 |
               +--------+--------+--------+--------+--------+-----+--------+

Top non-repeatable levels by time:
 Abyss:1: 208 daAuts
